Description

This Build is used for the Gold Achievement in the Wings of Liberty Challenge called Opening Gambit

VOD

https://www.youtube.com/watch?time_continue=18&v=cA-Fv0BL97U

Build Order

Get SALT Encoding   

  6  0:01  SCV  
  7  0:18  SCV  
  8  0:30  SCV  
  9  0:50  Supply Depot  
  10  0:59  SCV  
  10  1:10  SCV  
  11  1:33  Barracks  
  12  1:41  SCV  
  12  1:50  SCV  
  13  2:00  Refinery  
  13  2:08  SCV  
  14  2:22  SCV  
  14  2:30  Supply Depot  
  15  2:34  Marine  
  16  2:37  Action  Saturate Gass
  15  2:47  Orbital Command  
  15  2:56  Marine  
  16  3:23  Action, SCV  mule
  18  3:42  SCV  
  18  3:54  Command Center  
  19  3:59  SCV  
  20  4:05  Marine  
  20  4:12  Refinery  
  20  4:24  Factory  
  21  4:30  SCV  
  22  4:33  Marine  
  23  4:45  Action, SCV  saturate gas/mule
  23  4:55  Marine  
  24  5:02  Barracks  
  25  5:08  SCV  
  25  5:16  Supply Depot  
  25  5:22  Marine  
  26  5:26  Factory Tech Lab  
  27  5:33  SCV  
  27  5:45  Orbital Command  
  30  6:00  Siege Tank  constant tank prod.
  31  6:08  Marine  
  31  6:11  SCV  
  32  6:15  Marine  
  32  6:20  Action x2  Mule
  33  6:27  Action  lift seccond base
  33  6:39  Action  Walll off Base with 2 Racks
  1  6:48  Bunker  on high ground
  1  7:07  Marine x2  
  1  7:14  Ghost Academy  
  1  7:18  Refinery x2  
  1  7:30  Supply Depot  
  1  7:36  Barracks Tech Lab  
  1  7:51  Barracks Tech Lab  
  1  8:20  Ghost x2  
  1  8:50  Barracks  
  1  9:25  Ghost  
  1  9:42  Barracks  
  1  9:57  Barracks Reactor  
  1  10:00  Ghost  
  1  10:41  Barracks  
Spawning Tool Build Advisor. Get it on Overwolf

Analysis

after 2 Racks with tech lab constant ghost prod until you got 8 factory constant Tank prod when tech lab is finished Barracks with Reactor constant marine Prod

Go to:

Details

  • Created by: JWizzly
  • Published on: Jun 13, 2019
  • Modified on: Jun 15, 2019
  • Patch: 4.7.1
Show
View Real Time Build Order
Export as new Build Order

Comments (0)

There are no comments. Be the first!

Create an account to comment!